 Dungeon Crawl Stone Soup version 0.22-a0-430-g6609fc6 (webtiles) character file.

308 Gorglomux the Skirmisher (level 6, -1/30 (35) HPs)
             Began as a Spriggan Berserker on May 27, 2018.
             Was an Initiate of Dithmenos.
             Slain by a centaur (5 damage)
             ... on level 7 of the Dungeon.
             The game lasted 00:05:24 (2607 turns).

Gorglomux the Skirmisher (Spriggan Berserker)       Turns: 2607, Time: 00:05:24

HP:   -1/30 (35)    AC:  2    Str: 13    XL:     6   Next: 16%
MP:   7/7           EV: 26    Int:  8    God:    Dithmenos [......]
Gold: 29            SH:  0    Dex: 23    Spells: 5/5 levels left

rFire    . . .     SeeInvis +   i - +1 dagger (venom)
rCold    . . .     Gourm    .   (shield restricted)
rNeg     . . .     Faith    .   b - +0 animal skin
rPois    .         Spirit   .   (helmet restricted)
rElec    .         Reflect  .   (no cloak)
rCorr    +         Harm     .   (gloves unavailable)
MR       +....                  (boots unavailable)
Stlth    ++++......             (no amulet)
HPRegen  0.10/turn              g - ring of resist corrosion
MPRegen  0.10/turn              (no ring)

@: agile, hasted, very quick
A: very small, unfitting armour, see invisible, herbivore, speed 3, slow
metabolism 2
a: Renounce Religion


You were on level 7 of the Dungeon.
You worshipped Dithmenos.
Dithmenos was noncommittal.
You were not hungry.

You visited 2 branches of the dungeon, and saw 8 of its levels.

You collected 29 gold pieces.

Inventory:

Hand Weapons
 a - a +0 short sword
 i - a +1 dagger of venom (weapon)
Armour
 b - a +0 animal skin (worn)
Jewellery
 g - a ring of resist corrosion (left hand)
Scrolls
 h - 2 scrolls of remove curse {unknown}
 j - a scroll of blinking {unknown}
 k - a scroll of fear {unknown}
 n - a scroll of amnesia {unknown}
Comestibles
 c - a ration


   Skills:
 + Level 5.1 Fighting
 - Level 3.2 Short Blades
 - Level 4.4 Dodging
 - Level 4.8 Stealth


You had 5 spell levels left.
You didn't know any spells.
Your spell library was empty.

Dungeon Overview and Level Annotations

Branches:
Dungeon (7/15)             Temple (1/1) D:6

Altars:
Dithmenos

Annotations:
D:4 exclusion: upstairs


Innate Abilities, Weirdness & Mutations

You are very small and have problems with some larger weapons.
You are too small for most types of armour.
You have supernaturally acute eyesight. (SInv)
You are a herbivore.
You cover ground extremely quickly.
You need to consume almost no food.


Message History

You spit the centaur like a pig!
The centaur is poisoned!
The centaur is moderately wounded!
The centaur completely misses you!
You skewer the centaur like a kebab!
The centaur looks as sick as possible!!!
The centaur is moderately wounded!
Butt closely miss the centaur!
The centaur is moderately wounded!
The centaur completely misses you! The centaur closely misses you!
You skewer the centaur like a kebab!
The centaur is severely wounded!
You barely butts the centaur!
The centaur is severely wounded!
The centaur hits you!!! * * * don'butt die
* * * You spit the centaur like a pig!
The centaur looks as sick as possible!!!
The centaur is severely wounded!
The centaur hits you! rip

.#.....#...#
#.#
.###+###...#
...#.# .#
#...###..#.#
.#
#....<#..#.#
#...#.#..#.#
#...#.#..#.#
#...#....#.#
#...####.#(#
#..[.....@.#
#..#####c###
#.. ..o ###.
#. .. .. ##


You could see a centaur and an orc.

Vanquished Creatures
  An ogre (Temple)
  A bullfrog (D:7)
  A crimson imp (D:5)
  An iguana (D:7)
  A worker ant (D:4)
  A howler monkey zombie (D:5)
  A worm (D:2)
  4 dart slugs (D:1)
  A leopard gecko (D:6)
  7 orcs
  A ball python (D:1)
  3 bats
  3 giant cockroaches
  A goblin (D:1)
  5 hobgoblins
  6 kobolds
  A quokka (D:2)
  5 rats
44 creatures vanquished.

Notes
Turn   | Place    | Note
-------+----------+-------------------------------------------
     0 | D:1      | Gorglomux the Spriggan Berserker began the quest for the Orb.
     0 | D:1      | Reached XP level 1. HP: 11/11 MP: 2/2
     0 | D:1      | Fell from the grace of Trog
    91 | D:1      | Reached skill level 1 in Stealth
   457 | D:1      | Reached XP level 2. HP: 16/16 MP: 3/3
   479 | D:1      | Reached skill level 3 in Stealth
   859 | D:2      | Reached XP level 3. HP: 18/19 MP: 4/4
  1066 | D:4      | Reached skill level 3 in Fighting
  1066 | D:4      | Reached XP level 4. HP: 8/24 MP: 5/5
  1331 | D:3      | You fall through a shaft for 2 floors!
  1331 | D:5      | Entered Level 5 of the Dungeon
  1331 | D:5      | Found a shadowy altar of Dithmenos.
  1333 | D:5      | Became a worshipper of Dithmenos the Shadowed
  1641 | D:6      | Noticed an ogre
  1700 | D:6      | Found a staircase to the Ecumenical Temple.
  1709 | Temple   | Entered the Ecumenical Temple
  1962 | Temple   | Killed an ogre
  1962 | Temple   | Reached skill level 4 in Fighting
  1962 | Temple   | Reached XP level 5. HP: 25/30 MP: 6/6
  2026 | D:6      | Noticed a sky beast
  2295 | D:6      | Noticed a black bear
  2295 | D:6      | Noticed a polar bear
  2295 | D:6      | Noticed a polar bear
  2295 | D:6      | Noticed a polar bear
  2295 | D:6      | Noticed a polar bear
  2377 | D:7      | Noticed a sky beast
  2406 | D:7      | Reached skill level 5 in Fighting
  2406 | D:7      | Reached XP level 6. HP: 13/35 MP: 7/7
  2607 | D:7      | Slain by a centaur

Vault maps used:
D:1:      elethiomel_arrival_fortress_basement
D:2:      nicolae_qazlal_style_of_elements, chequers_ecumenical_altar_island,
          grunt_ministairs_1, hex_large, supply_closet_lemuel
D:3:      first_ration, minmay_tree_intersection, minmay_misc_feat_alley,
          uniq_crazy_yiuf_cottage
D:5:      kennysheep_ying_yang, kennysheep_okawaru_gauntlet,
          kennysheep_mini_moat, gammafunk_temple_overflow_statue, serial_shops,
          nicolae_shop_overgrown_old_shop, nicolae_dithmenos_shadow_blocks,
          uniq_ijyb, uniq_sigmund, uniq_duvessa, uniq_edmund
D:6:      temple_fountains
D:7:      serial_shops, shop, serial_bayou_pond_b
Temple:   jpeg_temple_alley_garden

Skill      XL: |  1  2  3  4  5 |
---------------+----------------+-----
Stealth        | 2 4 |  4.8
Fighting       | 3 4 5 |  5.1
Short Blades   | |  3.2
Dodging        | |  4.4

Action                   |  1- 3 |  4- 6 || total
-------------------------+-------+-------++-------
Melee: Short sword       |    41 |       ||    41
       Dagger            |    45 |    44 ||    89
Invok: Renounce Religion |     1 |       ||     1
  Use: Potion            |       |     2 ||     2
 Stab: Sleeping          |     7 |     3 ||    10
Armor: Animal skin       |     4 |     1 ||     5
Dodge: Dodged            |    73 |    34 ||   107

Table legend:
 A = Spawn XP
 B = Non-spawn XP
 C = Spawn XP percentage of total XP
 D = Spawn monster count
 E = Non-spawn monster count
 F = Spawn count percentage of total count
 G = Total turns spent on level
                    A         B        C        D         E        F      G
               +---------+---------+-------+---------+---------+-------+---------
         Total |       0 |     440 |   0.0 |       0 |      44 |   0.0 |  2607
               +---------+---------+-------+---------+---------+-------+---------
           D:1 |       0 |      41 |   0.0 |       0 |      20 |   0.0 |   652
           D:2 |       0 |      14 |   0.0 |       0 |       7 |   0.0 |   552
           D:3 |       0 |       6 |   0.0 |       0 |       3 |   0.0 |    93
           D:4 |       0 |      40 |   0.0 |       0 |       3 |   0.0 |    36
           D:5 |       0 |      69 |   0.0 |       0 |       3 |   0.0 |   121
           D:6 |       0 |      12 |   0.0 |       0 |       4 |   0.0 |   486
           D:7 |       0 |     124 |   0.0 |       0 |       2 |   0.0 |   248
        Temple |       0 |     134 |   0.0 |       0 |       2 |   0.0 |   419
               +---------+---------+-------+---------+---------+-------+---------
